 Dungeon Crawl Stone Soup version 0.28.0-53-g5a82cb258f (webtiles) character file.

Game seed: 7785116355957549657

396 styxcanada the Covert (level 6, -3/11 (32) HPs)
             Began as a Spriggan Brigand on June 11, 2022.
             Killed by divine providence
             ... invoked by an orc priest
              (14 damage)
             ... on level 5 of the Dungeon on June 12, 2022.
             The game lasted 00:18:35 (5137 turns).

styxcanada the Covert (Spriggan Brigand)            Turns: 5137, Time: 00:18:35

HP:   -3/11 (32)    AC:  4    Str:  7    XL:     6   Next: 52%
MP:   7/7           EV: 18    Int: 13    God:
Gold: 350           SH:  0    Dex: 20    Spells: 5/5 levels left

rFire   . . .      SeeInvis +   a - +2 dagger
rCold   . . .      Faith    .   (no shield)
rNeg    . . .      Spirit   .   f - +1 robe of the Sky {+Inv Fly rCorr Dex+2}
rPois   .          Reflect  .   (helmet restricted)
rElec   .          Harm     .   c - +0 cloak
rCorr   +          Rampage  .   (gloves unavailable)
Will    ++...                   (boots unavailable)
Stlth   ++++......              (no amulet)
HPRegen 0.03/turn               o - ring of willpower
MPRegen 0.10/turn               (no ring)

@: flying, extremely drained, very quick
A: very small, no large weapons, unfitting armour, see invisible, speed 3
a: Evoke Invisibility


You were on level 5 of the Dungeon.
You visited 2 branches of the dungeon, and saw 6 of its levels.

You collected 350 gold pieces.

Inventory:

Hand Weapons
 a - a +2 dagger (weapon)
Missiles
 d - 15 poisoned darts (quivered)
 e - 38 stones
 i - 47 sling bullets
Armour
 c - a +0 cloak (worn)
 f - the +1 robe of the Sky (worn) {+Inv Fly rCorr Dex+2}
   (You took it off a kobold on level 3 of the Dungeon)

   Dex:       It affects your dexterity (+2).
   +Inv:      It lets you turn invisible.
   Fly:       It grants you flight.
   rCorr:     It protects you from acid and corrosion.
 j - a +2 robe of positive energy
Jewellery
 o - a ring of willpower (left hand)
Scrolls
 k - a scroll of amnesia
 l - a scroll of fear {unknown}
 n - a scroll of teleportation
Potions
 b - a potion of curing {unknown}
 g - a potion of berserk rage {unknown}
 h - a potion of mutation
 m - 2 potions of lignification


   Skills:
 * Level 2.4 Fighting
 + Level 3.3 Short Blades
 + Level 2.8 Throwing
 * Level 3.4 Dodging
 * Level 9.3 Stealth
 * Level 1.9 Evocations


You had 5 spell levels left.
You didn't know any spells.
Your spell library was empty.

Dungeon Overview and Level Annotations

Branches:
Dungeon (5/15)             Temple (1/1) D:4

Altars:
Ashenzari
Dithmenos
Fedhas
Hepliaklqana
Kikubaaqudgha
Okawaru
Qazlal
Sif Muna
Trog
Uskayaw
Yredelemnul
The Shining One

Annotations:
D:5 3 runed translucent doors, Blork the orc, Edmund, Eustachio


Innate Abilities, Weirdness & Mutations

You are very small and have problems with some larger weapons.
You are too small for most types of armour.
You have supernaturally acute eyesight. (SInv)
You cover ground extremely quickly. (Speed+++)


Message History

You aren't carrying any items that you can evoke.
You feel drained.
You fail to use your ability.
You feel drained.
You fail to use your ability.
You feel drained.
You fail to use your ability.
The orc wizard mumbles some strange words.
The orc wizard flickers and vanishes for a moment.
You feel drained.
You fail to use your ability.
There is a stone staircase leading up here.
You feel drained.
You fail to use your ability.
You fly upwards.
There is a stone staircase leading down here.
Throw: 15 darts (poison)
Press: ? - help, Q - select action, (/) - cycle Shift-Dir - straight line, f - orc
Aim: an orc, wielding a +0 hand axe (64% to hit)
You throw a poisoned dart. The poisoned dart hits the orc!
The orc is poisoned.
Throw: 14 darts (poison)
Press: ? - help, Q - select action, (/) - cycle Shift-Dir - straight line, f/p - orc
Aim: an orc, wielding a +0 hand axe (lightly wounded, very poisoned, 64% to hit)
You throw a poisoned dart. The poisoned dart hits the orc.
The orc looks even sicker.
The orc is lightly wounded.
You hit the orc.
You kill the orc!
Things that are here:
a +0 hand axe; an orc corpse
d - 14 poisoned darts (gained 1)
d - 15 poisoned darts (gained 1)
You start waiting.
Done waiting.
You start waiting.
Done waiting.
There is a stone staircase leading down here.
You fly downwards.
Level annotation: 3 runed translucent doors, Blork the orc, Edmund, Eustachio
There is a stone staircase leading up here.
You feel drained.
You fail to use your ability.
The orc priest calls down the wrath of Beogh upon you.
Beogh smites you!
Ouch! That really hurt!
You die...

................##.......##..#
#........#..............###..#
##.......#...##....#...## #..#
#.......###.............###.##
#..##..## #.#..........###...#.##
###....## ###.....#...........$..
#..#...## ##...................
###.##...####....##.......#....O.
#...##.........o@##......###.....
#.........#.#.#o..#......# .....
....o..##.###.....#......# .....
.#...)....# #..##...#...## .....
.##o##......#####...###.## ......
##..###...... #..####..#....#
....#####.... ##..###.@......#
.....#####+++# #....##.........
.......# ......#..>.....###....


You could see an orc priest and an orc wizard.

Vanquished Creatures
  An ogre (D:5)
  A bullfrog (D:4)
  A scorpion (D:4)
  A hound (D:4)
  4 gnolls (D:2)
  2 adders
  An ufetubus (D:5)
  2 worms
  5 dart slugs
  5 orcs (D:4)
  9 ball pythons
  8 endoplasms
  2 giant cockroaches
  7 goblins
  6 hobgoblins
  3 jackals (D:4)
  5 kobolds
  3 quokkas
  5 bats
  6 frilled lizards
  8 rats
85 creatures vanquished.

Notes
Turn   | Place    | Note
-------+----------+-------------------------------------------
     0 | D:1      | styxcanada the Spriggan Brigand began the quest for the
                  | Orb.
     0 | D:1      | Reached XP level 1. HP: 10/10 MP: 2/2
   112 | D:1      | Reached skill level 6 in Stealth
   190 | D:1      | Reached XP level 2. HP: 14/14 MP: 3/3
   267 | D:1      | Found a faded altar of an unknown god.
   628 | D:1      | Reached XP level 3. HP: 18/18 MP: 4/4
   671 | D:1      | Reached skill level 7 in Stealth
  1465 | D:2      | Reached XP level 4. HP: 9/23 MP: 5/5
  1770 | D:2      | You fall into a shaft and drop 1 floor!
  2782 | D:3      | Identified the +1 robe of the Sky {+Inv Fly rCorr Dex+2}
  3656 | D:4      | Noticed a bullfrog
  3660 | D:4      | Killed a bullfrog
  3661 | D:4      | Reached skill level 8 in Stealth
  3661 | D:4      | Reached skill level 1 in Evocations
  3661 | D:4      | Reached XP level 5. HP: 26/26 MP: 6/6
  3847 | D:4      | Reached XP level 6. HP: 30/30 MP: 7/7
  3882 | D:4      | Found a staircase to the Ecumenical Temple.
  3889 | Temple   | Entered the Ecumenical Temple
  4465 | D:5      | Entered Level 5 of the Dungeon
  4465 | D:5      | Noticed Blork the orc
  4474 | D:5      | Found a runed translucent gate.
  4474 | D:5      | Found a runed translucent gate.
  4476 | D:5      | Found a runed translucent gate.
  4482 | D:5      | Reached skill level 9 in Stealth
  4495 | D:5      | Noticed Edmund
  4590 | D:5      | Noticed Eustachio
  5137 | D:5      | Killed from afar by an orc priest

Illustrated notes

Levels and vault maps discovered:
D:1:      minmay_arrival_widening_spiral_wide, layout_basic,
          dilly_ecumenical_altar_fadedgnrine, item_on_display_a
D:2:      layout_basic, kennysheep_generic_room_8
D:3:      layout_basic, hangedman_feature_mirror
D:4:      layout_loops_ring, minmay_temple_entry_tees, hangedman_decor_lopped,
          st_stairs_10
D:5:      layout_cave_pools, gammafunk_ghost_necromancy, uniq_eustachio,
          uniq_edmund, uniq_blork_the_orc
Temple:   nicolae_temple_hex_pool

Skill      XL: |  1  2  3  4  5  6 |
---------------+-------------------+-----
Dodging        | 2 3 |  3.4
Stealth        | 6 7 8 9 |  9.3
Fighting       | 2 |  2.4
Evocations     | 1 |  1.9
Short Blades   | 3 |  3.3
Throwing       | |  2.8

Action                   |  1- 3 |  4- 6 || total
-------------------------+-------+-------++-------
Melee: Dagger            |   102 |   124 ||   226
       Punch             |     1 |     2 ||     3
Throw: Dart              |    21 |    29 ||    50
  Use: Scroll            |       |     9 ||     9
 Stab: Sleeping          |    11 |    17 ||    28
       Distracted        |       |     1 ||     1
Armor: Robe              |    14 |    20 ||    34
Dodge: Dodged            |    61 |   112 ||   173
